 Dungeon Sprint DCSS version 0.28.0-43-g3370ac3207 (webtiles) character file.

Game seed: 12923401232695774584

1863 boopmooplesden the Fencer (level 8, -1/90 HPs)
             Began as a Minotaur Berserker on Mar 10, 2022.
             Was a High Priest of Trog.
             Slain by a polar bear (4 damage)
             ... in the Dungeon (Sprint II: "The Violet Keep of Menkaure").
             The game lasted 00:02:41 (610 turns).

boopmooplesden the Fencer (Minotaur Berserker)       Turns: 610, Time: 00:02:41

Health: -1/90      AC: 12    Str: 24    XL:     8   Next: 90%
Magic:  7/7        EV: 10    Int:  4    God:    Trog [*****.]
Gold:   442        SH:  0    Dex: 10    Spells: 7/7 levels left

rFire   . . .      SeeInvis .   i - +2 falchion (vorpal)
rCold   . . .      Faith    .   (no shield)
rNeg    . . .      Spirit   .   j - +0 chain mail {Will+}
rPois   .          Reflect  .   k - +2 hat
rElec   .          Harm     .   (no cloak)
rCorr   .          Rampage  .   (no gloves)
Will    +....      NoTele   +   (no boots)
Stlth   ..........              (no amulet)
HPRegen 0.25/turn               (no ring)
MPRegen 0.10/turn               (no ring)

@: on berserk cooldown, hasted and slowed
A: horns 2, retaliatory headbutt
a: Renounce Religion, Berserk, Trog's Hand, Brothers in Arms


You were in the Dungeon.
You worshipped Trog.
Trog was extremely pleased with you.
You visited 1 branch You collected 972 gold pieces.
You spent 530 gold pieces at shops.

Inventory:

Hand Weapons
 a - a +0 falchion
 i - a +2 vorpal falchion (weapon)
Armour
 b - a +0 animal skin
 j - a +0 chain mail of willpower (worn)
 k - a +2 hat (worn)
Scrolls
 h - a scroll of blinking
Potions
 c - a potion of curing
 f - 2 potions of magic
 g - a potion of berserk rage


   Skills:
 + Level 14.7 Fighting
 + Level 16.1 Long Blades
 + Level 7.5 Armour
 + Level 7.0 Dodging
 + Level 1.0 Stealth


You had 7 spell levels left.
You didn't know any spells.
Your spell library was empty.

Dungeon Overview and Level Annotations

Branches:
Dungeon (1/1)

Altars:
Dithmenos
Elyvilon
Fedhas
Gozag
Kikubaaqudgha
Makhleb
Nemelex Xobeh
Okawaru
Qazlal
Ru
Sif Muna
Trog
Uskayaw
Vehumet
Wu Jian
Xom
Yredelemnul
Zin
The Shining One
Jiyva
Lugonu

Shops:
D [:!(=:[![=?!*=[

Annotations:
D exclusion: oklob plant


Innate Abilities, Weirdness & Mutations

You have a pair of horns on your head.
You reflexively headbutt those who attack you in melee.


Message History

You feel a strong urge to attack something.
You are no longer berserk.
You are exhausted.
You feel yourself slow down.
The polar bear bites you but does no damage.
The polar bear claws you but does no damage. x2
The yaktaur hits you! The yaktaur hits you! The polar bear closely misses you.
The polar bear claws you but does no damage.
The polar bear barely misses you.
You see here 81 gold pieces.
You slash the yaktaur!
The yaktaur is moderately wounded.
The yaktaur hits you.
* * * LOW HITPOINT WARNING * * *
The polar bear bites you.
* * * LOW HITPOINT WARNING * * *
The polar bear barely misses you.
The polar bear claws you but does no damage.
You feel much better. The yaktaur hits you. The polar bear bites you!
The polar bear claws you but does no damage. x2
You feel yourself speed up. The yaktaur hits you.
* * * LOW HITPOINT WARNING * * *
The polar bear barely misses you. The polar bear claws you.
* * * LOW HITPOINT WARNING * * *
The polar bear closely misses you. The yaktaur hits you!
* * * LOW HITPOINT WARNING * * *
The polar bear bites you.
* * * LOW HITPOINT WARNING * * *
The polar bear claws you but does no damage.
The polar bear barely misses you.
You slash the yaktaur!
You headbutt the yaktaur, but do no damage.
The yaktaur is heavily wounded.
The yaktaur hits you.
* * * LOW HITPOINT WARNING * * *
You hit the yaktaur but do no damage.
The yaktaur is heavily wounded.
The polar bear bites you.
You die...

# #. ###.#### +.### ..#
...# ...#### .####..##
#..##@# ###.##..#
+..#ch# ##.###..#
#..#.†#
.'##.'..####..##)#
##...#....###...##▓▓
###.##......≈≈≈≈≈≈≈≈≈≈≈
.####≈≈.....≈#+########
).#≈≈≈≈§≈≈..≈#..._._._#
.##≈≈≈≈§≈≈≈.≈#_._._._.#


You could see a polar bear and a yaktaur.

Vanquished Creatures
  A merfolk siren (D)
  2 polar bears (D)
  A blink frog (D)
  A hornet (D)
  Menkaure (D)
  4 necrophages (D)
  4 scorpions (D)
  3 worms (D)
17 creatures vanquished.

Vanquished Creatures (others)
  A water moccasin (D)
1 creature vanquished.

Grand Total: 18 creatures vanquished

Notes
Turn   | Place    | Note
-------+----------+-------------------------------------------
     0 | D        | boopmooplesden the Minotaur Berserker began the quest for
                  | the Orb.
     0 | D        | Reached XP level 1. HP: 19/19 MP: 0/0
     9 | D        | Reached skill level 4 in Long Blades
    16 | D        | Reached ** piety under Trog
    17 | D        | Reached XP level 2. HP: 10/28 MP: 1/1
   215 | D        | Noticed a scorpion
   215 | D        | Noticed a scorpion
   215 | D        | Noticed a scorpion
   215 | D        | Noticed a scorpion
   218 | D        | Killed a scorpion
   219 | D        | Reached skill level 7 in Long Blades
   219 | D        | Reached XP level 3. HP: 38/38 MP: 2/2
   219 | D        | Reached XP level 4. HP: 45/45 MP: 3/3
   219 | D        | Killed a scorpion
   220 | D        | Reached skill level 8 in Long Blades
   221 | D        | Killed a scorpion
   222 | D        | Reached skill level 9 in Long Blades
   222 | D        | Reached XP level 5. HP: 57/57 MP: 4/4
   226 | D        | Reached *** piety under Trog
   227 | D        | Reached skill level 10 in Long Blades
   227 | D        | Reached skill level 5 in Armour
   252 | D        | Noticed a merfolk siren
   257 | D        | Killed a water moccasin
   265 | D        | Killed a merfolk siren
   266 | D        | Reached skill level 12 in Long Blades
   266 | D        | Reached skill level 5 in Dodging
   266 | D        | Reached XP level 6. HP: 70/70 MP: 5/5
   266 | D        | Reached XP level 7. HP: 75/75 MP: 6/6
   280 | D        | Reached skill level 13 in Long Blades
   281 | D        | Reached **** piety under Trog
   286 | D        | Reached skill level 14 in Long Blades
   292 | D        | Found Guom's Assorted Antiques.
   292 | D        | Found Abekuett's Antique Armour Emporium.
   292 | D        | Found Iresoghu's Antique Armour Shoppe.
   292 | D        | Found Iplim's Distillery.
   292 | D        | Found Quwu's Jewellery Shoppe.
   292 | D        | Found Jeumast's Distillery.
   292 | D        | Found Hifeymorgh's Magic Scroll Emporium.
   292 | D        | Found Feycot's Antique Armour Shoppe.
   293 | D        | Found Rageakh's Jewellery Shoppe.
   293 | D        | Found Wan Kaos's Jewellery Emporium.
   293 | D        | Found Xeuf's Book Emporium.
   293 | D        | Found Vaenifog's Antique Weapon Shoppe.
   293 | D        | Noticed Menkaure
   293 | D        | Noticed a manticore
   304 | D        | Killed Menkaure
   304 | D        | Reached ***** piety under Trog
   305 | D        | Reached XP level 8. HP: 40/86 MP: 7/7
   496 | D        | Noticed a blink frog
   509 | D        | Killed a blink frog
   511 | D        | Found Yputom's Distillery.
   511 | D        | Noticed a manticore
   511 | D        | Noticed a manticore
   511 | D        | Noticed an oklob plant
   512 | D        | Found Neych's Antique Armour Shoppe.
   512 | D        | Found Pile Ram's Book Shoppe.
   516 | D        | Noticed a shining eye
   522 | D        | Bought a glowing falchion for 168 gold pieces
   525 | D        | Noticed a shining eye
   527 | D        | Noticed a shining eye
   527 | D        | Noticed an iron elemental
   528 | D        | Noticed a flying skull
   528 | D        | Noticed a flying skull
   532 | D        | Bought a runed chain mail for 187 gold pieces
   532 | D        | Bought an embroidered hat for 175 gold pieces
   580 | D        | Found a glowing golden altar of the Shining One.
   580 | D        | Found an ornate altar of the Wu Jian Council.
   581 | D        | Found a shimmering altar of Xom.
   581 | D        | Found a sacrificial altar of Ru.
   581 | D        | Found a stormy altar of Qazlal.
   582 | D        | Found a basalt altar of Yredelemnul.
   582 | D        | Found a shimmering blue altar of Sif Muna.
   582 | D        | Found a viscous altar of Jiyva.
   583 | D        | Found a glowing silver altar of Zin.
   583 | D        | Found a bloodstained altar of Trog.
   583 | D        | Found an ancient bone altar of Kikubaaqudgha.
   584 | D        | Found a hide-covered altar of Uskayaw.
   584 | D        | Found a corrupted altar of Lugonu.
   584 | D        | Found a shadowy altar of Dithmenos.
   585 | D        | Found a radiant altar of Vehumet.
   585 | D        | Found a burning altar of Makhleb.
   585 | D        | Found a white marble altar of Elyvilon.
   586 | D        | Found a sparkling altar of Nemelex Xobeh.
   586 | D        | Found a blossoming altar of Fedhas.
   587 | D        | Found an iron altar of Okawaru.
   587 | D        | Found an opulent altar of Gozag.
   588 | D        | Noticed a yaktaur
   588 | D        | Noticed a hornet
   588 | D        | Noticed a polar bear
   588 | D        | Noticed a polar bear
   594 | D        | Killed a polar bear
   595 | D        | Reached skill level 15 in Long Blades
   595 | D        | Noticed a polar bear
   600 | D        | Killed a polar bear
   602 | D        | Killed a hornet
   602 | D        | Received a gift from Trog
   603 | D        | Reached skill level 16 in Long Blades
   603 | D        | Reached skill level 1 in Stealth
   609 | D        | HP: 3/90 [yaktaur (3)]
   610 | D        | Slain by a polar bear

Illustrated notes

Levels and vault maps discovered:
D:        the_violet_keep_of_menkaure [sprint2_stairs_cluster_1,
          sprint2_shoproom, sprint2_temple, sprint2_basic_supplies,
          sprint2_obstacle_3, sprint2_obstacle_6, sprint2_obstacle_5,
          sprint2_obstacle_1, sprint2_obstacle_2, sprint2_timed_cluster_1,
          sprint2_smallroom_cluster_1, sprint2_smallroom_final_cluster_1,
          sprint2_transparent_cluster_1, sprint2_second_timed_cluster_1,
          sprint2_sniper_area_1, sprint2_heavy_combat_area_1,
          sprint2_mutation_trap_area_1, sprint2_forest_area_1,
          sprint2_light_combat_area_1, sprint2_behind_water_1,
          sprint2_near_end_vault_1]

Skill      XL: |  1  2  3  4  5  6  7  8 |
---------------+-------------------------+-----
Fighting       | 4 6 9 11 13 14 | 14.7
Long Blades    | 4 7 9 12 14 16 | 16.1
Armour         | 3 4 6 7 |  7.5
Dodging        | 3 4 5 6 7 |  7.0
Stealth        | 1 |  1.0

Action                   |  1- 3 |  4- 6 |  7- 9 || total
-------------------------+-------+-------+-------++-------
Melee: Falchion          |    14 |    19 |    35 ||    68
       Headbutt          |     1 |     2 |    10 ||    13
       Punch             |       |       |     1 ||     1
Invok: Berserk           |     1 |       |     2 ||     3
  Use: Potion            |       |       |     2 ||     2
Armor: Chain mail        |       |       |    21 ||    21
       Animal skin       |       |       |     1 ||     1
Dodge: Dodged            |     4 |     5 |    19 ||    28
